 Dungeon Crawl Stone Soup version 0.21.1 (webtiles) character file.

16 Yawgmoth the Magician (level 2, 22/22 HPs)
             Began as a Naga Wizard on Feb 3, 2018.
             Quit the game on level 1 of the Dungeon.
             The game lasted 00:05:11 (885 turns).

Yawgmoth the Magician (Naga Wizard)                  Turns: 885, Time: 00:05:12

Health: 22/22      AC:  1    Str:  9    XL:     2   Next: 54%
Magic:  6/6        EV: 10    Int: 15    God:
Gold:   57         SH:  0    Dex:  9    Spells: 4/7 levels left

rFire    . . .     SeeInvis +   (no weapon)
rCold    . . .     Gourm    .   (no shield)
rNeg     . . .     Faith    .   a - +0 robe
rPois    +         Spirit   .   b - +0 hat
rElec    .         Reflect  .   (no cloak)
rCorr    .         Harm     .   (no gloves)
MR       .....                  (no barding)
Stlth    ++........             (no amulet)
HPRegen  0.07/turn              i - -3 ring of intelligence (curse)
MPRegen  0.10/turn              (no ring)

@: very slow
A: large, see invisible, deformed body, poison resistance, slowness 2, slow
metabolism 1, spit poison 1, AC +0
a: Spit Poison


You were on level 1 of the Dungeon.
You were not hungry.

You visited 1 branch of the dungeon, and saw 1 of its levels.

You collected 57 gold pieces.

Inventory:

Hand Weapons
 h - a +1 dagger
   (You took it off a goblin on level 1 of the Dungeon)
Armour
 a - a +0 robe (worn)
 b - a +0 hat (worn)
Jewellery
 i - a cursed -3 ring of intelligence (left hand)
   (You found it on level 1 of the Dungeon)
Books
 c - a book of Minor Magic
Comestibles
 d - 3 rations


   Skills:
 - Level 1.5 Dodging
 - Level 3.0 Stealth
 + Level 3.3 Spellcasting
 + Level 1.8 Conjurations
   Level 1.0 Summonings
 - Level 1.0 Translocations


You had 4 spell levels left.
You knew the following spells:

 Your Spells              Type           Power        Failure   Level  Hunger
a - Magic Dart            Conj           #...         9%          1    None
b - Blink                 Tloc           N/A          19%         2    ##.....


Dungeon Overview and Level Annotations

Branches:
Dungeon (1/15)

Altars:


Innate Abilities, Weirdness & Mutations

You cannot wear boots.
Your serpentine skin is tough. (AC +0)
You have supernaturally acute eyesight. (SInv)
Armour fits poorly on your strangely shaped body.
Your system is resistant to poisons. (rPois)
You cover ground very slowly.
You have a slow metabolism.
You can spit poison.


Message History

You start resting.
Some of the chunks of flesh in your inventory have rotted away.
All of the chunks of flesh in your inventory have rotted away.
Health restored: 22; MP restored: 6 You see here a jackal corpse.
You now have 43 gold pieces (gained 14).
d - 3 rations (gained 1)
A rat comes into view.
Aim: a rat (resting)
The magic dart hits the rat.
You now have 5/6 mp.
Aim: a rat (moderately wounded)
The magic dart hits the rat.
You kill the rat!
You now have 4/6 mp.
You start resting.
MP restored: 6 Memorise Blink, consuming 2 spell levels and leaving 4?
You start memorising the spell.
You continue memorising. x2
You finish memorising.
Spell assigned to 'b'.
You're too inexperienced to learn that spell!
Found a stone staircase leading down.
A rat comes into view.
Aim: a rat (resting)
You miscast Magic Dart.
You are very lightly contaminated with residual magic.
Wisps of smoke drift from your hands.
You now have 5/6 mp.
Aim: a rat (resting)
The magic dart hits the rat.
You now have 4/6 mp.
Aim: a rat (moderately wounded)
You miscast Magic Dart.
Nothing appears to happen.
You now have 3/6 mp.
Aim: a rat (moderately wounded)
The magic dart hits the rat.
You kill the rat!
You now have 2/6 mp.
You start resting.
MP restored: 6 Your magical contamination has completely faded away.
You now have 49 gold pieces (gained 6).
There is a stone staircase leading down here.
f - a scroll labeled GECUG DUZXAINU
Found a stone staircase leading down.
There is a stone staircase leading down here.
There is a stone staircase leading down here.
A bat comes into view.
Aim: a bat (resting)
The magic dart hits the bat.
You now have 5/6 mp.
Really attack barehanded?
You hit the bat but do no damage. The bat hits you.
You take 1 damage, and have 21/22 hp.
The bat hits you. The bat barely misses you.
You take 1 damage, and have 20/22 hp.
You closely miss the bat. The bat hits you but does no damage.
The bat hits you.
You take 1 damage, and have 19/22 hp.
Aim: a bat (moderately wounded)
The magic dart hits the bat.
You kill the bat!
You now have 4/6 mp.
You start resting.
Health restored: 22; MP restored: 6 You now have 57 gold pieces (gained 8).
A kobold comes into view.
Aim: a kobold (resting)
The magic dart hits the kobold.
You kill the kobold!
You now have 5/6 mp.
i - a golden ring MP restored: 6 You see here a kobold corpse.
A kobold comes into view.
Aim: a kobold (resting)
The magic dart hits the kobold.
You kill the kobold!
You now have 5/6 mp.
Put on which piece of jewellery? (? for menu, Esc to quit)
You feel stupid.
Oops, that ring feels deathly cold.
i - a cursed -3 ring of intelligence (left hand)
j - a scroll labeled JEMUBL ROUKHAU MP restored: 6 Done exploring.
As you read the scroll labeled GAEKHI EH XULOSOTS, it crumbles to dust.
It is a scroll of enchant weapon.
Your dagger glows red for a moment.
As you read the scroll labeled GECUG DUZXAINU, it crumbles to dust.
It is a scroll of amnesia.
Okay, then.
Unknown command.
Unknown command.
As you read the scroll labeled JEMUBL ROUKHAU, it crumbles to dust.
You assume a fearsome visage.
Nothing appears to happen.
It was a scroll of fear.
As you read the scroll labeled ZOMOCW QASIA, it crumbles to dust.
You feel momentarily disoriented.
It was a scroll of magic mapping.

########
#......#
#......#
######
#....@.#
#....#
####.###
#....##
#.#
#.....###
#.#
#........
###.#
#........
#...#
#.###....
#.### #.#
#.... #.#
#.# #....
#.# #.#
#...#


There were no monsters in sight!

Vanquished Creatures
  2 giant cockroaches (D:1)
  A goblin (D:1)
  4 jackals (D:1)
  2 kobolds (D:1)
  2 bats (D:1)
  4 rats (D:1)
15 creatures vanquished.

Notes
Turn   | Place    | Note
-------+----------+-------------------------------------------
     0 | D:1      | Yawgmoth the Naga Wizard began the quest for the Orb.
     0 | D:1      | Reached XP level 1. HP: 15/15 MP: 4/4
   243 | D:1      | Reached XP level 2. HP: 13/22 MP: 3/6
   496 | D:1      | Learned a level 2 spell: Blink
   885 | D:1      | Quit the game

Action                   || total
-------------------------++-------
Melee: Unarmed           ||     4
 Cast: Magic Dart        ||    27
 Abil: Spit Poison       ||     5
  Use: Scroll            ||     4
Armor: Robe              ||     4
Dodge: Dodged            ||    11

Vault maps used:
D:1:      mrwooster_arrival_statue

Table legend:
 A = Turns spent in this place as a percentage of turns spent in the entire game.
 B = Non-inter-level travel turns spent in this place as a percentage of non-inter-level travel turns spent in the entire game.
 C = Inter-level travel turns spent in this place as a percentage of turns spent in this place.
 D = Turns resting spent in this place as a percentage of non-inter-level travel turns spent in this place.
 E = Turns spent auto-exploring this place as a percentage of non-inter-level travel turns spent in this place.
 F = Non-inter-level travel turns spent in this place divided by the number of levels of this place that you've seen.
                   A       B       C       D       E      F
               +-------+-------+-------+-------+-------+----------------------
         Total | 100.0 | 100.0 |   0.0 |  46.3 |  40.2 | 885.0
       Dungeon | 100.0 | 100.0 |   0.0 |  46.3 |  40.2 | 885.0
               +-------+-------+-------+-------+-------+----------------------

Table legend:
 A = Kills in this place as a percentage of kills in entire the game.
 B = Kills by you in this place as a percentage of kills by you in the entire game.
 C = Kills by friends in this place as a percentage of kills by friends in the entire game.
 D = Other kills in this place as a percentage of other kills in the entire game.
 E = Experience gained in this place as a percentage of experience gained in the entire game.
 F = Experience gained in this place divided by the number of levels of this place that you have seen.
                   A       B       C       D       E      F
               +-------+-------+-------+-------+-------+----------------------
         Total | 100.0 | 100.0 |   N/A |   N/A | 100.0 |  23.0
       Dungeon | 100.0 | 100.0 |   N/A |   N/A | 100.0 |  23.0
               +-------+-------+-------+-------+-------+----------------------
